 Dungeon Crawl Stone Soup version 0.29-a0-553-g81b289dbe5 (webtiles) character file.

Game seed: 17855718725317570107

58 xian the Slasher (level 3, -11/27 HPs)
             Began as a Demonspawn Gladiator on June 6, 2022.
             Mangled by a gnoll
             ... wielding a +0 whip of electrocution
              (16 damage)
             ... on level 2 of the Dungeon.
             The game lasted 00:04:24 (1814 turns).

xian the Slasher (Demonspawn Gladiator)             Turns: 1814, Time: 00:04:25

Health: -11/27     AC:  9    Str: 16    XL:     3   Next: 76%
Magic:  3/3        EV: 11    Int:  9    God:
Gold:   131        SH:  0    Dex: 14    Spells: 2/2 levels left

rFire   . . .      SeeInvis .   a - +0 long sword
rCold   . . .      Faith    .   (no shield)
rNeg    . . .      Spirit   .   g - +0 ring mail
rPois   .          Reflect  .   c - +0 helmet
rElec   .          Harm     .   (no cloak)
rCorr   .          Rampage  .   (no gloves)
Will    .....                   n - +0 pair of boots
Stlth   +.........              (no amulet)
HPRegen 0.09/turn               (no ring)
MPRegen 0.16/turn               (no ring)

@: no status effects
A: molten scales 1, magic regeneration
a: no special abilities


You were on level 2 of the Dungeon.
You visited 1 branch of the dungeon, and saw 2 of its levels.

You collected 131 gold pieces.

Inventory:

Hand Weapons
 a - a +0 long sword (weapon)
Missiles
 b - 2 boomerangs (quivered)
 d - 3 throwing nets
 e - a javelin
 i - 3 poisoned darts
Armour
 c - a +0 helmet (worn)
 g - a +0 ring mail (worn)
 n - a +0 pair of boots (worn)
Scrolls
 m - a scroll of acquirement {unknown}
Potions
 f - 2 potions of flight {unknown}
 h - a potion of attraction {unknown}
 j - a potion of curing
 k - a potion of mutation {unknown}
 l - a potion of haste {unknown}


   Skills:
 + Level 2.1 Fighting
 + Level 3.6 Long Blades
 + Level 2.0 Throwing
 + Level 0.9 Armour
 + Level 3.0 Dodging
 + Level 0.1 Stealth


You had 2 spell levels left.
You didn't know any spells.
Your spell library was empty.

Dungeon Overview and Level Annotations

Branches:
Dungeon (2/15)

Altars:


Innate Abilities, Weirdness & Mutations

You are partially covered in molten scales. (AC +2)
You regenerate magic rapidly.


Message History

The worm closely misses you.
You hit the worm.
The worm is almost dead.
You hit the worm.
You kill the worm!
You see here a worm corpse.
An endoplasm comes into view.
The endoplasm quivers.
The endoplasm jiggles.
You throw a boomerang.
The boomerang hits the endoplasm but does no damage.
You throw a boomerang. The boomerang hits the endoplasm!
You kill the endoplasm! 3 gnolls and a bat come into view.
A gnoll is wielding a +0 whip of electrocution.
The gnoll shouts! x2; You hear a shout!
The bat hits you but does no damage.
A gnoll comes into view. It is wielding a +0 club.
The bat hits you.
You throw a boomerang. The boomerang hits the bat.
You kill the bat!
You throw a boomerang. The boomerang hits the gnoll.
The gnoll is lightly wounded.
You throw a boomerang.
The boomerang hits the gnoll but does no damage.
The gnoll is lightly wounded.
The gnoll barely misses you.
You throw a boomerang. The boomerang hits the gnoll.
The gnoll is moderately wounded.
The gnoll closely misses you.
You throw a boomerang.
The boomerang barely misses the gnoll. x2
The boomerang hits the gnoll!
The gnoll is severely wounded.
The gnoll hits you with a +0 whip of electrocution.
You are electrocuted!!
Ouch! That really hurt!
* * * LOW HITPOINT WARNING * * *
The gnoll attacks as you move away! The gnoll hits you but does no damage.
You are electrocuted!
Ouch! That really hurt!
You die...

#..........#
#..#######.#
##.# #.#
##..# #.#
#...# #.#
#...# #.#
#...# #.#
#...# #.#
##..# #@#
##.##. #g#
..##...##g#
.......gg#
.....####
.... ... ..
.


You could see 4 gnolls.

Vanquished Creatures
  Terence (D:2)
  A worm (D:2)
  A ball python (D:1)
  2 bats
  4 endoplasms
  3 giant cockroaches
  A goblin (D:2)
  4 hobgoblins
  3 jackals (D:1)
  A quokka (D:1)
  A frilled lizard (D:1)
  2 kobolds
  3 rats
27 creatures vanquished.

Vanquished Creatures (others)
  A fungus (D:1)
  A plant (D:1)
2 creatures vanquished.

Grand Total: 29 creatures vanquished

Notes
Turn   | Place    | Note
-------+----------+-------------------------------------------
     0 | D:1      | xian the Demonspawn Gladiator began the quest for the Orb.
     0 | D:1      | Reached XP level 1. HP: 16/16 MP: 1/1
     6 | D:1      | Found a faded altar of an unknown god.
   416 | D:1      | Gained mutation: You are partially covered in molten
                  | scales. (AC +2) [demonic ancestry]
   416 | D:1      | Reached XP level 2. HP: 18/22 MP: 2/2
  1384 | D:2      | Noticed Terence
  1401 | D:2      | Killed Terence
  1402 | D:2      | Gained mutation: You regenerate magic rapidly. [demonic
                  | ancestry]
  1402 | D:2      | Reached XP level 3. HP: 9/27 MP: 3/3
  1814 | D:2      | Mangled by a gnoll

Illustrated notes

Levels and vault maps discovered:
D:1:      lightli_arrival_maybe_door_vault, layout_loops_corners,
          shapermc_ecumenical_altar_gd, nrook_mini_backslash
D:2:      layout_rooms, basic_altar, chequers_jeans, kennysheep_minor_cross,
          uniq_terence

Skill      XL: |  1  2 |
---------------+-------+-----
Long Blades    | 3 |  3.6
Dodging        | 3 |  3.0
Throwing       | 2 |  2.0
Fighting       | |  2.1
Armour         | |  0.9
Stealth        | |  0.1

Action                   || total
-------------------------++-------
Melee: Long sword        ||    73
Throw: Boomerang         ||    19
  Use: Scroll            ||     4
 Stab: Sleeping          ||     1
Armor: Leather armour    ||    20
       Ring mail         ||    13
Dodge: Dodged            ||    55

Table legend: (Time is in decaauts)
 A = Elapsed time spent in this place.
 B = Non-inter-level travel time spent in this place.
 C = Inter-level travel time spent in this place.
 D = Time resting spent in this place.
 E = Time spent auto-exploring this place.
 F = Levels seen in this place.
 G = Mean time per level.
                   A        B        C        D        E       F      G
               +--------+--------+--------+--------+--------+-----+--------+
         Total |   1836 |   1825 |     11 |      0 |   1468 |   2 |  918.0 |
       Dungeon |   1836 |   1825 |     11 |      0 |   1468 |   2 |  918.0 |
               +--------+--------+--------+--------+--------+-----+--------+

Top non-repeatable levels by time:
     D:1: 1242 daAuts
     D:2: 593 daAuts
